 Dungeon Crawl Stone Soup version 0.30.0-18-gc0e69614cb (webtiles) character file.

Game seed: 12606875302814728829

3500 safid the Frost Mage (level 10, -1/82 HPs)
             Began as a Merfolk Ice Elementalist on May 25, 2023.
             Was a Believer of Vehumet.
             Slain by an orc warrior
             ... wielding a +0 war axe
              (5 damage)
             ... in a bailey.
             The game lasted 00:18:05 (7381 turns).

safid the Frost Mage (Merfolk Ice Elementalist)     Turns: 7381, Time: 00:18:06

Health: -1/82      AC: 11    Str:  8    XL:     10   Next: 7%
Magic:  14/21      EV: 18    Int: 19    God:    Vehumet [**....]
Gold:   411        SH:  0    Dex: 15    Spells: 17/24 levels left

rFire   + . .        B - +3 flail (protect)
rCold   . . .        (no shield)
rNeg    . . .        a - +0 robe
rPois   .            (no helmet)
rElec   .            (no cloak)
rCorr   .            u - +0 pair of gloves
SInv    .            (no boots)
Will    .....        p - amulet of regeneration
Stlth   ++           o - +5 ring of evasion
HPRegen 1.13/turn    x - ring of protection from fire
MPRegen 0.17/turn

%: no passive effects
@: ice-armoured
A: (nimble swimmer 2), mertail
a: Renounce Religion


You were in a bailey.
You worshipped Vehumet.
Vehumet was pleased with you.
You visited 2 branches of the dungeon, and saw 8 of its levels.
You also visited: Bailey.

You collected 411 gold pieces.

Inventory:

Hand Weapons
 B - a +3 flail of protection (weapon)
Missiles
 d - a throwing net
Armour
 a - a +0 robe (worn)
 u - a +0 pair of gloves (worn)
Jewellery
 o - a +5 ring of evasion (left hand)
 p - an amulet of regeneration (around neck)
 s - a +5 ring of evasion
 x - a ring of protection from fire (right hand)
Wands
 q - a wand of mindburst (19)
 A - a wand of charming (11)
Scrolls
 e - 3 scrolls of blinking {unknown}
 f - 2 scrolls of enchant armour
 l - 3 scrolls of fear
 n - 2 scrolls of amnesia
 r - a scroll of identify
 y - 4 scrolls of teleportation
 z - 2 scrolls of fog {unknown}
Potions
 b - a potion of magic
 c - 2 potions of lignification {unknown}
 h - a potion of curing {unknown}
 i - 2 potions of cancellation {unknown}
 j - 2 potions of flight {unknown}
 k - 2 potions of heal wounds {unknown}
 m - 5 potions of mutation {unknown}
 t - a potion of experience {unknown}
 w - a potion of brilliance {unknown}


   Skills:
 + Level 8.6 Fighting
 - Level 4.0 Dodging
 - Level 2.1 Stealth
 + Level 7.6 Spellcasting
 + Level 9.9 Ice Magic


You had 17 spell levels left.
You knew the following spells:

 Your Spells              Type           Power      Damage    Failure   Level
a - Freeze                Ice            100%       1d10      1%          1
b - Frozen Ramparts       Ice            88%        1d14      1%          3
c - Ozocubu's Armour      Ice            44%        N/A       1%          3

Your spell library contained the following spells:

 Spells                   Type           Power      Damage    Failure   Level
 Static Discharge         Conj/Air       14%        2-3/arc   14%         2
 Ensorcelled Hibernation  Hex/Ice        52%        N/A       1%          2
 Sandblast                Erth           14%        2d6       10%         1
 Shock                    Conj/Air       28%        1d4       10%         1
 Summon Ice Beast         Ice/Summ       26%        N/A       12%         4
 Passwall                 Tmut/Erth      5%         N/A       14%         2
 Stone Arrow              Conj/Erth      14%        3d7       28%         3
 Swiftness                Air            7%         N/A       28%         3
 Tukima's Dance           Hex            7%         N/A       28%         3
 Airstrike                Air            3%         2d(1-17)  67%         4
 Passage of Golubria      Tloc           7%         N/A       67%         4
 Silence                  Hex/Air        3%         N/A       95%         5
 Yara's Violent Unravell  Hex/Tmut       3%         3d4       95%         5
 Statue Form              Tmut/Erth      4%         N/A       100%        6


Dungeon Overview and Level Annotations

Branches:
Dungeon (7/15)             Temple (1/1) D:5          Bailey (1/1)

Altars:
Ashenzari
Cheibriados
Fedhas
Kikubaaqudgha
Makhleb
Nemelex Xobeh
Okawaru
Qazlal
Sif Muna
Trog
Uskayaw
Vehumet
Wu Jian
Xom
Yredelemnul
The Shining One

Annotations:
D:4 exclusion: door
D:5 1 runed translucent door, 2 transporters, Crazy Yiuf; Edyrem's ghost, novice HOFi
D:6 3 runed translucent doors, middlethird's ghost, novice VSAE


Innate Abilities, Weirdness & Mutations

((You are very nimble when in or above water. (Stealth+, EV+, Speed+++)))
Your lower body shifts to a powerful aquatic tail in water.


Message History

Vehumet accepts your kill.
Casting: Freeze (safe; 1% risk of failure)
Confirm with . or Enter, or press ? or * to list all spells.
Aiming: Freeze (safe; 1% risk of failure)
Press: ? - help, Shift-Dir - straight line, f/p - orc warlord
Aim: an orc warlord, wielding a +7 battleaxe and wearing a +0 chain mail (lightly wounded)
You freeze the orc warlord!
The orc warlord is moderately wounded.
The wall freezes the orc warlord!
The orc warlord hits you with a +7 battleaxe!!
* * * LOW HITPOINT WARNING * * *
Unknown command.
As you read the scroll of fear, it crumbles to dust.
You assume a fearsome visage.
The orc warlord looks frightened!
The wall freezes the orc warlord but does no damage.
The orc warlord weeps quietly.
Your icy armour and frozen ramparts will break if you move.
Continue?
Okay, then.
Unknown command.
Unknown command.
Your icy armour and frozen ramparts will break if you move.
Continue?
Your icy armour cracks and falls away as you move.
The frozen ramparts melt away as you move.
There is an open door here.
Items here: )))) [[[[ ††.
Items here: )))) [[[[ ††.
The orc warrior attacks as you move away!
The orc warrior closely misses you.
The orc warrior no longer looks unusually strong.
Items here: )))) [[[[ ††.
The orc warrior attacks as you move away!
The orc warrior hits you with a +0 war axe!!
* * * LOW HITPOINT WARNING * * *
The orc warlord seems to regain its courage.
There is an open door here.
Casting: Freeze (safe; 1% risk of failure)
Confirm with . or Enter, or press ? or * to list all spells.
A film of ice covers your body!
The orc warrior hits you with a +0 war axe.
You die...

..........#...........#
..........#...........#
)).......###.......))###
'#.....###.###.....#)#.###
.###.###.....###.###.....###
...###
........###.........## ....#
........##8..........# ....#
........)#8..........# ....#
.....o..o@!....⌠....∩# ....#
........)#8..........# ....#
........##8..........#
...###
........###.........##
.###.###.....###.###))...###
)#.....###.###.....#'#.###
.).......###.........###
..........#...........#
..........#...........#


You could see an orc warlord and an orc warrior.

Vanquished Creatures
  An orc knight (Bailey)
  Sigmund (D:4)
  Eustachio (D:4)
  Edmund (D:5)
  Duvessa (D:4)
  10 orc warriors
  2 black bears
  An ice beast (D:7)
  2 ogres (D:5)
  A phantom (D:6)
  2 scorpions (D:6)
  Dowan (D:4)
  5 killer bees (D:7)
  A howler monkey (D:7)
  A jelly (D:5)
  3 hounds
  A gnoll bouda (D:6)
  2 orc priests
  3 orc wizards
  2 iguanas
  10 adders
  13 gnolls
  4 worms
  2 dart slugs
  16 orcs
  2 ball pythons
  9 bats
  8 endoplasms
  2 giant cockroaches
  22 goblins
  15 hobgoblins
  6 kobolds
  6 quokkas
  A frilled lizard (D:1)
  6 rats
164 creatures vanquished.

Vanquished Creatures (others)
  A human (D:7)
1 creature vanquished.

Grand Total: 165 creatures vanquished

Notes
Turn   | Place    | Note
-------+----------+-------------------------------------------
     0 | D:1      | safid the Merfolk Ice Elementalist began the quest for the
                  | Orb.
     0 | D:1      | Reached XP level 1. HP: 13/13 MP: 3/3
   377 | D:1      | Reached XP level 2. HP: 20/20 MP: 3/5
   512 | D:1      | Reached skill level 1 in Fighting
   920 | D:1      | Found a faded altar of an unknown god.
   986 | D:1      | You fall into a shaft and drop 1 floor!
  1251 | D:2      | Reached XP level 3. HP: 24/26 MP: 6/6
  1255 | D:2      | Learned a level 3 spell: Frozen Ramparts
  1742 | D:2      | Reached skill level 5 in Ice Magic
  1742 | D:2      | Reached XP level 4. HP: 33/33 MP: 5/8
  1829 | D:2      | Learned a level 3 spell: Ozocubu's Armour
  2329 | D:3      | Found an iron altar of Okawaru.
  2422 | D:3      | Reached XP level 5. HP: 39/39 MP: 5/9
  2803 | D:4      | Noticed Duvessa
  2803 | D:4      | Noticed Dowan
  2872 | D:4      | Noticed Sigmund
  2960 | D:4      | Killed Sigmund
  2961 | D:4      | Reached XP level 6. HP: 33/48 MP: 1/11
  3061 | D:4      | Noticed Eustachio
  3097 | D:4      | Killed Eustachio
  3098 | D:4      | Reached skill level 6 in Ice Magic
  3098 | D:4      | Reached XP level 7. HP: 54/54 MP: 0/13
  4029 | D:4      | Killed Dowan
  4033 | D:4      | Killed Duvessa
  4120 | D:5      | Entered Level 5 of the Dungeon
  4123 | D:5      | Found a broken altar of Ashenzari.
  4250 | D:5      | Reached skill level 5 in Fighting
  4250 | D:5      | Reached XP level 8. HP: 41/62 MP: 5/15
  4282 | D:5      | Reached skill level 7 in Ice Magic
  4388 | D:5      | Reached skill level 5 in Spellcasting
  4484 | D:5      | Found an ornate altar of the Wu Jian Council.
  4490 | D:5      | Got Moolastru's Grimoire of Clay and the Curse
  4773 | D:5      | Found a staircase to the Ecumenical Temple.
  4786 | Temple   | Entered the Ecumenical Temple
  4883 | Temple   | Became a worshipper of Vehumet
  4994 | D:5      | Found a shimmering blue altar of Sif Muna.
  5056 | D:5      | Noticed Edmund
  5073 | D:5      | Killed Edmund
  5239 | D:5      | Found a runed translucent door.
  5240 | D:5      | Noticed Crazy Yiuf
  5423 | D:5      | Noticed Edyrem's ghost (novice HOFi)
  5424 | D:5      | Found a transporter.
  5429 | D:5      | Found a transporter.
  5893 | D:6      | Found a runed translucent gate.
  5894 | D:6      | Found a runed translucent gate.
  5894 | D:6      | Found a runed translucent gate.
  5895 | D:6      | Noticed middlethird's ghost (novice VSAE)
  5958 | D:6      | Reached skill level 8 in Ice Magic
  6557 | D:7      | Reached XP level 9. HP: 46/71 MP: 12/18
  6715 | D:7      | Found a shimmering altar of Xom.
  6791 | D:7      | Found an ancient bone altar of Kikubaaqudgha.
  6867 | D:7      | Found a flagged portal.
  6878 | Bailey   | Entered a bailey
  6931 | Bailey   | Reached * piety under Vehumet
  6931 | Bailey   | Offered knowledge of Magic Dart by Vehumet.
  7107 | Bailey   | Noticed an orc knight
  7118 | Bailey   | Reached skill level 9 in Ice Magic
  7132 | Bailey   | Killed an orc knight
  7251 | Bailey   | Offered knowledge of Static Discharge by Vehumet.
  7288 | Bailey   | Reached ** piety under Vehumet
  7297 | Bailey   | Reached XP level 10. HP: 80/82 MP: 15/21
  7361 | Bailey   | Noticed an orc warlord
  7380 | Bailey   | HP: 2/82 [orc warrior/+0 war axe (18)]
  7381 | Bailey   | Slain by an orc warrior

Illustrated notes

Levels and vault maps discovered:
D:1:      amcnicky_arrival_wind_blow, layout_basic,
          shapermc_ecumenical_altar_mp_vishouse, minmay_small_reverse_x
D:2:      layout_basic
D:3:      layout_rooms, mainiacjoe_overflow_paths, st_stairs_1
D:4:      layout_loops_corners, hangedman_decor_diamond_cutter,
          minmay_misc_feat_room, uniq_eustachio, uniq_sigmund, uniq_duvessa
D:5:      layout_basic, mainiacjoe_overflow_small_starburst,
          mainiacjoe_overflow_concentric_impassable,
          mainiacjoe_overflow_tiny_flanked, minmay_temple_entry_grid,
          gammafunk_ghost_smash, uniq_crazy_yiuf_cottage, uniq_edmund
D:6:      layout_basic, ebering_ghost_rock_garden, columned_hall_lemuel,
          kennysheep_nub, minmay_misc_feat_secret_circle
D:7:      layout_rooms, tgw_kikubaaqudgha, amcnicky_altar_gilded,
          nicolae_hepliaklqana_monster_ancestors, enter_bailey_7
Temple:   hellmonk_temple_beads
Bailey:   bailey_axe_minmay_hex_keep, bailey

Skill      XL: |  1  2  3  4  5  6  7  8  9 |
---------------+----------------------------+-----
Fighting       | 1 2 3 4 5 6 8 |  8.6
Ice Magic      | 5 6 8 9 |  9.9
Spellcasting   | 3 4 6 7 |  7.6
Dodging        | 4 |  4.0
Stealth        | |  2.1

Action                     |  1- 3 |  4- 6 |  7- 9 | 10-12 || total
---------------------------+-------+-------+-------+-------++-------
  Melee: Club              |    19 |       |       |       ||    19
         Unarmed           |     3 |       |       |       ||     3
         Dagger            |    45 |     4 |       |       ||    49
         Punch             |     1 |       |     4 |       ||     5
         Mace              |       |    49 |    39 |       ||    88
         Flail             |       |       |   108 |     2 ||   110
   Cast: Freeze            |    44 |    39 |    31 |     4 ||   118
         Frozen Ramparts   |       |     7 |    36 |     1 ||    44
         Ozocubu's Armour  |       |     3 |    25 |     2 ||    30
    Use: Scroll            |       |       |     8 |     1 ||     9
   Stab: Sleeping          |     2 |     2 |     1 |       ||     5
 Armour: Robe              |    33 |    21 |    52 |     1 ||   107
  Dodge: Dodged            |    76 |    76 |   150 |     1 ||   303
